 Dungeon Crawl Stone Soup version 0.19-a0-1071-g4ed3155 (webtiles) character file.

543 4thArraOfDagon the Ruffian (level 7, -4/61 HPs)
             Began as a Troll Arcane Marksman on Aug 5, 2016.
             Was a Follower of Makhleb.
             Slain by a warg (15 damage)
             ... on level 8 of the Dungeon.
             The game lasted 00:05:42 (1105 turns).

4thArraOfDagon the Ruffian (Troll Arcane Marksman)  Turns: 1105, Time: 00:05:43

Health: -4/61      AC:  6    Str: 20    XL:     7   Next: 6%
Magic:  7/7        EV: 10    Int: 11    God:    Makhleb [*.....]
Gold:   54         SH:  0    Dex:  9    Spells: 1 memorised, 7 levels left

rFire  . . .     SeeInvis .       - Unarmed
rCold  . . .     Gourm    +     a - +1 robe
rNeg   . . .     Faith    .     (no shield)
rPois  .         Spirit   .     (helmet restricted)
rElec  .         Dismiss  .     (no cloak)
rCorr  .         Reflect  .     (gloves unavailable)
SustAt .         Harm     .     (boots unavailable)
MR     .....                    (no amulet)
Stlth  +.........               (no ring)
                                (no ring)

@:
A: unfitting armour, claws 3, fast metabolism 3, gourmand, regeneration 2,
shaggy fur 1, tough skin 2
a: Renounce Religion


You were on level 8 of the Dungeon.
You worshipped Makhleb.
Makhleb was aware of your devotion.
You were very full.

You visited 2 branches of the dungeon, and saw 9 of its levels.

You collected 54 gold pieces.

Inventory:

Missiles
 c - 4 large rocks
 d - 4 throwing nets (quivered)
Armour
 a - a +1 robe (worn)
Scrolls
 e - 5 scrolls of identify {unknown}
 g - a scroll of magic mapping
 h - a scroll of enchant armour
 i - a scroll of blinking {unknown}
 j - a scroll of immolation {unknown}
 k - a scroll of recharging {unknown}
 l - 2 scrolls of enchant weapon {unknown}
 m - 2 scrolls of remove curse {unknown}
 o - a scroll of amnesia {unknown}
Potions
 p - 2 potions of magic {unknown}
 q - a potion of ambrosia {unknown}
 r - a potion of haste {unknown}
Books
 b - a book of Debilitation

   Spells                             Type                      Level
   a - Corona                         Hexes                        1
   b - Slow                           Hexes                        2
   c - Gell's Gravitas                Hexes/Translocation          3
   d - Inner Flame                    Hexes/Fire                   3
   e - Cause Fear                     Hexes                        4
   f - Leda's Liquefaction            Hexes/Earth                  4
Comestibles
 f - 2 bread rations
 n - 2 meat rations


   Skills:
 - Level 0.7 Fighting
 - Level 1.7 Throwing
 - Level 1.5 Dodging
 * Level 7.4 Unarmed Combat
 - Level 1.0 Spellcasting
 - Level 2.0 Hexes


You had 7 spell levels left.
You knew the following spells:

 Your Spells              Type           Power        Failure   Level  Hunger
a - Corona                Hex            #......      17%         1    ##.....


Dungeon Overview and Level Annotations

Branches:
Dungeon (8/15)             Temple (1/1) D:6            Lair (0/6) D:8

Altars:
Elyvilon
Fedhas
Gozag
Makhleb
Okawaru
Pakellas
Qazlal
Sif Muna
Xom
Zin
The Shining One
Lugonu


Innate Abilities, Weirdness & Mutations

You are too large for most types of armour.
You have claws for hands.
Your metabolism is lightning-fast.
You like to eat raw meat.
You heal very quickly.
You are covered in fur. (AC +1)
You have very tough skin. (AC +2)


Message History

It was a scroll of magic mapping.
Unknown command.
As you read the scroll labeled HICEIF YMIER, it crumbles to dust.
It is a scroll of enchant armour.
Your +0 robe glows green for a moment.
The warg bites you!
* * * LOW HITPOINT WARNING * * *
The orc wizard gestures wildly while chanting.
The orc wizard flickers and vanishes!
Deactivating autopickup; reactivate with Ctrl-A.
The warg closely misses you.
Unknown command.
Unknown command.
Throwing (i - inventory. (,) - cycle):
d - 5 throwing nets (quivered)
Press: ? - help, Shift-Dir - straight line, f - warg
Aim: a warg You throw a throwing net.
The throwing net closely misses the warg.
The throwing net hits the warg.
The warg is caught in the net!
The warg struggles against the net.
The warg bites you!
You die...

*,,........##.***
*,,...oo.....,*
*,,...o...z.#**
**,......o{z#
*,.o...o.oz#
**.......#h#
*.......#h#
*#.....##h#
##...#*#@#
##......#
########


You could see 3 wargs, 3 wights and an orc wizard.

Vanquished Creatures
  A black bear (D:7)
  An ice beast (D:7)
  A jelly (D:5)
  An orc wizard (D:7)
  2 orc priests
  A gnoll shaman (D:7)
  3 worker ants
  5 gnolls (D:7)
  3 adders
  An ooze (D:7)
  2 worms
  3 giant geckos
  6 orcs
  A ball python (D:2)
  A bat (D:3)
  A giant cockroach (D:5)
  3 goblins
  2 hobgoblins (D:3)
  9 jackals
  A quokka (D:4)
  3 jackal skeletons
  2 kobolds
  3 rats
  A plant (D:4)
57 creatures vanquished.

Notes
Turn   | Place    | Note
-------+----------+-------------------------------------------
     0 | D:1      | 4thArraOfDagon the Troll Arcane Marksman began the quest for the Orb.
     0 | D:1      | Reached XP level 1. HP: 18/18 MP: 1/1
     0 | D:1      | 4thArraOfDagon: killerbee party is autorip
   149 | D:1      | Reached skill level 1 in Unarmed Combat
   170 | D:2      | Reached skill level 2 in Unarmed Combat
   170 | D:2      | Reached XP level 2. HP: 23/26 MP: 2/2
   197 | D:2      | Turgon: You mangle the killer bee!! The killer bee explodes! The tree burns like a torch! The fiery explosion engulfs you! Ouch! That really hurt! You die...
   267 | D:3      | Turgon: -> killed by a tree
   309 | D:3      | Reached XP level 3. HP: 32/32 MP: 3/3
   332 | D:3      | FUCKLAG
   332 | D:3      | 4thArraOfDagon: laggggggggggggg
   332 | D:3      | 4thArraOfDagon: if you see tons of unknown commands
   350 | D:4      | Reached skill level 3 in Unarmed Combat
   415 | D:5      | Entered Level 5 of the Dungeon
   439 | D:5      | Reached skill level 4 in Unarmed Combat
   439 | D:5      | Reached XP level 4. HP: 24/40 MP: 4/4
   545 | D:4      | Reached XP level 5. HP: 39/46 MP: 5/5
   636 | D:5      | Reached skill level 5 in Unarmed Combat
   710 | D:6      | Found a staircase to the Ecumenical Temple.
   727 | Temple   | Entered the Ecumenical Temple
   749 | Temple   | Became a worshipper of Makhleb the Destroyer
   867 | D:6      | Reached XP level 6. HP: 28/54 MP: 6/6
   900 | D:7      | Found a glowing golden altar of the Shining One.
   915 | D:7      | Reached skill level 6 in Unarmed Combat
   964 | D:7      | Noticed an ice beast
   969 | D:7      | Killed an ice beast
   969 | D:7      | Reached skill level 7 in Unarmed Combat
   996 | D:7      | Found a stormy altar of Qazlal.
  1015 | D:7      | Reached * piety under Makhleb
  1017 | D:7      | Reached XP level 7. HP: 13/61 MP: 7/7
  1097 | D:8      | Found a staircase to the Lair.
  1105 | D:8      | Slain by a warg

Vault maps used:
D:1:      scummos_arrival_star
D:2:      old_standard_altar, old_standard_altar, lemuel_round_altar,
          uniq_jessica
D:3:      nicolae_overflow_crystal_walls, portal_sewer_entry_e
D:4:      wad_woods_stonehenge
D:5:      lemuel_zombie_altar_yredelemnul, first_bread
D:6:      kennysheep_mini, vehumet_statue, serial_shops, shop,
          nrook_mini_backslash
D:7:      kennysheep_little_box, tso_metal_star, serial_undead, serial_undead_f,
          serial_undead_e, serial_undead_e, serial_undead_e
D:8:      ashenzari_altar_1, bloody_trog, erik_lair_orcish_takeover,
          hangedman_ranch
Temple:   corrupted_temple

Skill      XL: |  1  2  3  4  5  6 |
---------------+-------------------+-----
Unarmed Combat | 2 4 5 7 |  7.4
Fighting       | |  0.7
Throwing       | |  1.7
Dodging        | |  1.5
Spellcasting   | |  1.0
Hexes          | |  2.0

Action                   |  1- 3 |  4- 6 |  7- 9 || total
-------------------------+-------+-------+-------++-------
Melee: Unarmed           |    58 |   112 |     6 ||   176
       Punch             |       |     2 |     1 ||     3
Throw: Large rock        |       |     3 |       ||     3
       Throwing net      |       |     2 |     1 ||     3
  Use: Scroll            |       |       |     2 ||     2
 Stab: Sleeping          |     1 |       |       ||     1
       Held in net/web   |       |     1 |       ||     1
  Eat: Chunk             |     4 |     7 |     4 ||    15
Armor: Robe              |    15 |    32 |     2 ||    49
Dodge: Dodged            |    28 |    39 |     1 ||    68
